Map: Fields of Shazir

Players

AmmonRa

  • Race: Terran Terran
  • League: Diamond
  • Spawn Location: 9:00

Suloposki

  • Race: Zerg Zerg
  • League: Diamond
  • Spawn Location: 9:00

Wanshu

  • Race: Zerg Zerg
  • League: Diamond
  • Spawn Location: 7:00

Loken

  • Race: Protoss Protoss
  • League: Platinum
  • Spawn Location: 3:00

dallaskuken

  • Race: Protoss Protoss
  • League: Platinum
  • Spawn Location: 5:00

Myran

  • Race: Protoss Protoss
  • Spawn Location: 3:00

VOD

Have the link to the VOD?

Description

Time

  • Played on: April 2, 2017, 7:33 p.m.
  • Length: 12:25
Show
View Real Time Build Order
Export as new Build Order

AmmonRa Terran 

Build Orders: Reaper Expand, MMM Bio 

Get SALT Encoding   

  12  0:00  SCV  
  13  0:12  SCV  
  14  0:17  Supply Depot  
  14  0:24  SCV  
  15  0:39  SCV  
  15  0:40  Barracks  
  16  0:45  Refinery  
  16  0:54  SCV  
  17  1:06  SCV  
  18  1:18  SCV  
  19  1:30  Reaper  
  19  1:31  Orbital Command  
  20  1:44  Command Center  
  20  1:54  Refinery  
  20  1:57  SCV  
  21  2:08  Barracks Reactor  
  21  2:11  SCV, Barracks  
  22  2:18  Supply Depot  
  22  2:23  SCV  
  23  2:58  Marine  
  23  2:59  Marine  
  23  3:05  Barracks Tech Lab  
  25  3:09  SCV  
  25  3:10  Orbital Command  
  25  3:17  Marine x2  
  27  3:21  SCV  
  27  3:24  Marine  
  27  3:25  Factory, Stimpack  
  29  3:34  SCV  
  30  3:35  Marine x2  
  30  3:36  SCV  
  33  3:42  Marine  
  33  3:46  SCV  
  33  3:48  SCV  
  36  3:52  Supply Depot  
  36  3:53  Marine x2  
  38  3:58  SCV  
  38  3:59  Marine  
  40  4:03  Engineering Bay  
  40  4:10  SCV x2  
  40  4:14  Marine x2  
  40  4:15  Factory Reactor  
  40  4:16  Starport  
  44  4:22  SCV  
  44  4:23  Marine  
  46  4:28  Supply Depot  
  46  4:31  Marine  
  46  4:32  Missile Turret, Marine  
  46  4:33  Missile Turret  
  46  4:35  Terran Infantry Weapons Level 1  
  48  4:40  Marine  
  48  4:45  SCV x2  
  50  4:49  Marine  
  50  4:51  Marine  
  53  4:59  Marine  
  54  5:01  Medivac x2  
  54  5:02  Factory Tech Lab  
  54  5:03  SCV  
  54  5:04  SCV  
  60  5:08  Marine  
  60  5:09  Marine  
  62  5:22  Supply Depot  
  62  5:24  Supply Depot  
  62  5:26  Supply Depot  
  62  5:27  Supply Depot  
  62  5:35  Combat Shields  
  62  5:43  Marine  
  62  5:44  SCV x2, Medivac x2  
  69  5:50  Marine x2  
  69  5:56  SCV  
  72  6:01  Command Center  
  72  6:05  Liberator x2  
  72  6:20  Marine x3  
  72  6:24  SCV  
  82  6:26  Refinery  
  81  6:38  Marine  
  81  6:42  Marine x2  
  83  6:47  Siege Tank  
  83  6:48  SCV x2  
  88  6:56  Marine  
  89  7:02  Marine x2  
  91  7:08  Barracks  
  91  7:10  SCV, Barracks  
  91  7:11  Barracks x2  
  92  7:17  Terran Infantry Armor Level 1  
  92  7:20  Engineering Bay  
  92  7:31  Armory, Siege Tank  
  95  7:44  Marine x3  
  95  7:45  Concussive Shells  
  95  7:47  Orbital Command  
  98  7:56  Barracks Tech Lab x2  
  98  7:58  Barracks Reactor x2  
  98  8:00  SCV  
  98  8:02  Marine x2  
  98  8:04  Refinery  
  98  8:05  Siege Tank  
  104  8:28  Medivac x2  
  104  8:31  Marine  
  104  8:32  Orbital Command  
  109  8:37  Terran Vehicle Weapons Level 1  
  109  8:42  Supply Depot  
  109  8:43  Supply Depot x2  
  109  8:44  Supply Depot  
  109  8:46  Supply Depot  
  109  9:03  Marine x2  
  109  9:04  Marauder x3, Marine x4  
  109  9:06  Supply Depot  
  109  9:07  Supply Depot x2  
  109  9:09  Supply Depot  
  121  9:11  Terran Infantry Weapons Level 2  
  121  9:13  Terran Infantry Armor Level 2, Supply Depot  
  121  9:26  Liberator x2  
  121  9:32  SCV x2  
  121  9:33  SCV  
  130  9:49  SCV x2  
  132  9:54  Supply Depot  
  132  9:55  Refinery, Supply Depot  
  132  9:57  Missile Turret  
  132  9:58  Refinery, Starport  
  132  10:04  Factory  
  132  10:09  Marauder x2, Marine x3  
  132  10:10  Marine  
  132  10:11  Marine x3  
  132  10:12  SCV x2  
  145  10:20  SCV  
  146  10:24  SCV  
  146  10:26  SCV  
  148  10:29  Marine x5, Command Center  
  148  10:31  Marine x2  
  148  10:32  SCV, Marine x2  
  158  10:41  Starport Reactor  
  158  10:47  Marine x2  
  160  10:53  Liberator x2  
  166  11:11  Factory Tech Lab  
  166  11:22  Fusion Core  
  166  11:28  Starport  
  166  12:02  Marine x6  
  166  12:03  Marine x3  
  166  12:08  Starport Tech Lab  
Show
View Real Time Build Order
Export as new Build Order

Suloposki Zerg 

Build Orders: Pool First, Lurkers 

Get SALT Encoding   

  12  0:00  Drone  
  13  0:12  Overlord  
  13  0:18  Drone  
  14  0:30  Drone x2  
  14  0:34  Drone  
  17  0:44  Extractor  
  17  0:47  Spawning Pool  
  15  0:51  Drone  
  16  0:57  Drone  
  17  1:19  Hatchery  
  16  1:26  Drone  
  17  1:41  Queen  
  19  1:49  Metabolic Boost  
  19  1:53  Zergling x2  
  20  1:57  Drone  
  21  2:04  Overlord  
  21  2:21  Queen  
  21  2:22  Drone  
  24  2:23  Drone  
  25  2:33  Baneling Nest  
  25  2:34  Zergling x2  
  25  2:40  Zergling x2  
  25  2:42  Zergling x2  
  27  2:44  Zergling x2  
  27  2:50  Zergling x2  
  29  2:54  Zergling x2  
  29  2:55  Zergling x2  
  31  3:09  Drone x4  
  35  3:21  Spore Crawler  
  35  3:26  Drone  
  35  3:27  Drone  
  35  3:35  Spore Crawler  
  35  3:36  Drone x2  
  35  3:45  Overlord  
  35  3:47  Overlord  
  33  4:10  Drone x3  
  33  4:11  Drone x2  
  33  4:15  Drone x2  
  33  4:16  Drone x3  
  40  4:22  Lair  
  40  4:29  Drone x4  
  44  4:31  Extractor  
  44  4:33  Extractor  
  44  4:35  Extractor  
  41  4:49  Hatchery  
  41  4:52  Queen  
  42  5:02  Evolution Chamber  
  42  5:03  Evolution Chamber  
  40  5:07  Drone x3  
  40  5:08  Drone  
  40  5:12  Baneling x2  
  44  5:20  Hydralisk Den  
  43  5:21  Drone x2  
  43  5:22  Drone  
  45  5:35  Drone  
  45  5:36  Drone x5  
  45  5:40  Zerg Missile Weapons Level 1  
  51  5:47  Zerg Ground Armor Level 1  
  51  5:53  Muscular Augments  
  51  6:05  Overlord  
  51  6:06  Overlord  
  51  6:07  Overlord  
  51  6:13  Drone x4  
  51  6:14  Drone x2  
  57  6:24  Drone x3  
  57  6:25  Drone x3  
  63  6:32  Overlord  
  63  6:45  Hydralisk x6  
  75  6:55  Hydralisk x3  
  75  6:56  Hydralisk  
  83  7:03  Extractor x2  
  83  7:06  Lurker Den  
  81  7:12  Drone x5  
  81  7:13  Drone x3  
  89  7:28  Drone  
  89  7:29  Overlord x2  
  90  7:30  Overlord  
  90  7:31  Overlord  
  90  7:32  Overlord  
  90  7:37  Zerg Missile Weapons Level 2  
  90  7:40  Zerg Ground Armor Level 2  
  90  7:46  Hatchery  
  89  7:52  Queen  
  89  7:55  Drone x2  
  89  7:56  Drone  
  94  7:58  Hydralisk  
  94  7:59  Hydralisk x2  
  94  8:01  Pneumatized Carapace  
  100  8:07  Hydralisk x2  
  100  8:08  Hydralisk  
  106  8:24  Hydralisk x4  
  106  8:25  Hydralisk x3  
  120  8:33  Lurker  
  120  8:34  Lurker x3, Overlord x2  
  124  8:45  Overlord  
  124  8:46  Overlord  
  124  8:47  Overlord x2  
  124  9:03  Overlord  
  124  9:04  Overlord  
  124  9:07  Extractor  
  124  9:09  Extractor  
  122  9:11  Hydralisk  
  122  9:12  Hydralisk x8  
  140  9:30  Hydralisk x7  
  154  9:39  Infestation Pit  
  154  9:40  Drone x5  
  154  9:41  Drone x2  
  160  10:01  Hydralisk x9  
  178  10:29  Hive  
  178  10:33  Overlord x2  
  178  10:34  Hydralisk x5  
  178  10:35  Hydralisk x2  
  192  10:55  Drone x8  
  194  11:25  Spine Crawler  
  194  11:27  Spine Crawler  
  194  11:29  Spine Crawler  
  185  11:51  Drone  
  185  11:52  Drone x14  
  200  12:04  Ultralisk Cavern  
  200  12:05  Spire  
  198  12:09  Roach Warren  
  197  12:18  Spore Crawler x3  
  197  12:19  Spore Crawler x2  
Show
View Real Time Build Order
Export as new Build Order

Wanshu Zerg 

Build Orders: Pool First 

Get SALT Encoding   

  12  0:01  Drone  
  13  0:12  Overlord  
  13  0:20  Drone  
  14  0:32  Drone x2  
  14  0:35  Drone  
  17  0:42  Extractor  
  16  0:45  Drone  
  17  1:08  Spawning Pool  
  16  1:15  Drone  
  16  1:16  Overlord  
  17  1:45  Hatchery, Drone  
  17  1:54  Metabolic Boost  
  17  2:00  Overlord  
  17  2:04  Zergling x2  
  17  2:07  Drone  
  19  2:15  Drone  
  20  2:19  Baneling Nest  
  19  2:23  Zergling x2  
  20  2:46  Zergling x4  
  20  2:49  Queen  
  24  2:59  Zergling x2  
  24  3:13  Queen  
  24  3:19  Drone x5  
  31  3:25  Lair  
  31  3:40  Spore Crawler  
  30  3:43  Spore Crawler  
  30  3:44  Drone x3  
  32  4:17  Drone  
  32  4:18  Drone x6  
  38  4:37  Drone x3  
  40  4:41  Extractor  
  40  4:44  Spire  
  38  4:48  Drone x4  
  38  4:51  Overlord  
  38  4:52  Drone x3  
  44  4:56  Extractor  
  44  4:59  Extractor  
  42  5:04  Overlord  
  42  5:05  Drone  
  43  5:14  Drone  
  43  5:15  Drone x2  
  46  5:28  Drone  
  46  5:29  Drone x2  
  49  5:35  Overlord  
  49  5:36  Overlord  
  49  5:46  Drone  
  50  5:55  Hatchery, Corruptor  
  50  5:56  Corruptor x4  
  59  6:01  Zerg Flyer Weapons Level 1  
  59  6:16  Drone  
  59  6:17  Drone x7  
  67  6:34  Corruptor  
  67  6:35  Corruptor x2  
  67  6:36  Overlord  
  73  6:55  Corruptor x2  
  73  6:56  Corruptor  
  73  6:57  Overlord x3  
  77  7:32  Corruptor x4  
  77  7:35  Drone  
  77  7:36  Queen, Drone x4  
  90  8:00  Corruptor  
  90  8:01  Corruptor x2  
  90  8:02  Drone x3  
  90  8:05  Extractor  
  98  8:06  Extractor  
  97  8:19  Drone x5  
  103  8:20  Drone  
  103  8:28  Infestation Pit  
  102  8:40  Drone x2  
  104  8:55  Spire  
  103  9:01  Hatchery  
  102  9:19  Overlord x3, Corruptor  
  102  9:20  Corruptor x5  
  114  9:39  Hive  
  114  9:40  Zerg Flyer Weapons Level 2  
  114  9:44  Corruptor x3  
  114  9:45  Overlord x3  
  120  10:19  Queen  
  122  10:22  Drone  
  122  10:23  Drone x8  
  122  10:24  Drone x7  
  122  10:25  Drone x2  
  140  10:46  Extractor  
  139  10:58  Spine Crawler x2  
  139  11:00  Spine Crawler  
  139  11:02  Spine Crawler  
  139  11:03  Spine Crawler x2  
  133  11:04  Spine Crawler  
  133  11:05  Spine Crawler x2  
  133  11:07  Spine Crawler x2  
  133  11:08  Spine Crawler  
  133  11:10  Spine Crawler  
Show
View Real Time Build Order
Export as new Build Order

Loken Protoss 

Build Orders: Oracle Opening 

Get SALT Encoding   

  12  0:02  Probe (Chrono Boost)  
  13  0:13  Probe (Chrono Boost)  
  14  0:19  Pylon  
  14  0:23  Probe (Chrono Boost)  
  15  0:37  Probe (Chrono Boost)  
  15  0:39  Gateway  
  16  0:52  Probe (Chrono Boost)  
  17  0:59  Assimilator  
  17  1:03  Probe (Chrono Boost)  
  18  1:13  Probe (Chrono Boost)  
  18  1:16  Assimilator  
  19  1:24  Probe (Chrono Boost)  
  20  1:28  Cybernetics Core  
  20  1:34  Probe (Chrono Boost)  
  21  1:45  Probe (Chrono Boost)  
  22  1:47  Pylon  
  22  1:55  Probe (Chrono Boost)  
  23  2:06  Probe (Chrono Boost)  
  23  2:07  Stargate  
  24  2:16  Warp Gate, Probe (Chrono Boost)  
  25  2:27  Pylon, Probe (Chrono Boost)  
  26  2:47  Zealot  
  26  2:50  Oracle  
  31  3:07  Probe (Chrono Boost)  
  32  3:18  Probe (Chrono Boost)  
  33  3:20  Zealot  
  33  3:26  Oracle  
  38  3:27  Pylon  
  37  4:11  Mothership Core (Chrono Boost)  
  28  4:29  Void Ray  
  29  5:06  Fleet Beacon  
  29  5:17  Probe (Chrono Boost)  
  30  5:27  Probe (Chrono Boost)  
  31  5:28  Zealot  
  31  5:33  Gateway  
  33  5:36  Gateway  
  33  5:38  Gateway, Probe (Chrono Boost)  
  34  5:44  Void Ray  
  34  5:49  Probe (Chrono Boost)  
  39  5:55  Nexus  
  39  5:59  Probe (Chrono Boost)  
  40  6:17  Probe (Chrono Boost)  
  41  6:28  Probe (Chrono Boost)  
  42  6:38  Carrier, Probe (Chrono Boost)  
  46  6:49  Probe (Chrono Boost)  
  46  6:50  Pylon  
  46  6:54  Pylon  
  47  7:06  Probe (Chrono Boost)  
  47  7:07  Nexus  
  40  7:34  Stalker  
  40  7:35  Stalker x3  
  48  7:42  Probe (Chrono Boost)  
  49  7:45  Probe (Chrono Boost)  
  50  7:53  Probe (Chrono Boost)  
  50  7:56  Probe (Chrono Boost)  
  52  8:00  Assimilator  
  52  8:03  Probe (Chrono Boost)  
  53  8:14  Probe (Chrono Boost)  
  53  8:16  Pylon  
  53  8:19  Tempest  
  60  8:25  Probe (Chrono Boost)  
  61  8:29  Probe (Chrono Boost)  
  62  8:35  Probe (Chrono Boost)  
  62  8:36  Probe (Chrono Boost)  
  62  8:39  Probe (Chrono Boost)  
  65  8:45  Assimilator  
  65  8:46  Probe x2 (Chrono Boost)  
  67  8:50  Probe (Chrono Boost)  
  68  8:56  Probe (Chrono Boost)  
  68  9:01  Tempest  
  75  9:07  Probe (Chrono Boost)  
  76  9:14  Stalker x3  
  82  9:17  Stalker  
  84  9:35  Protoss Air Weapons Level 1  
  84  9:38  Probe (Chrono Boost)  
  85  9:40  Probe (Chrono Boost)  
  85  9:44  Carrier  
  92  9:48  Probe (Chrono Boost)  
  92  9:51  Probe (Chrono Boost)  
  94  9:56  Stalker x2  
  94  9:57  Stalker  
  100  10:03  Pylon  
  100  10:04  Pylon  
  100  10:06  Pylon  
  81  10:35  Pylon  
  81  10:46  Probe (Chrono Boost)  
  82  10:50  Pylon  
  82  10:54  Pylon  
  82  10:56  Forge  
  81  10:57  Probe x2 (Chrono Boost)  
  81  11:07  Probe (Chrono Boost)  
  81  11:08  Probe (Chrono Boost)  
  83  11:18  Probe x2 (Chrono Boost)  
  85  11:28  Pylon  
  79  11:44  Probe (Chrono Boost)  
  63  11:53  Stalker x3  
  63  11:54  Stalker  
  71  11:55  Probe (Chrono Boost)  
  72  12:05  Probe (Chrono Boost)  
Show
View Real Time Build Order
Export as new Build Order

dallaskuken Protoss 

Build Orders: Forge Fast Expand (FFE) 

Get SALT Encoding   

  12  0:01  Probe (Chrono Boost)  
  13  0:11  Probe (Chrono Boost)  
  14  0:26  Pylon  
  14  0:32  Probe (Chrono Boost)  
  15  0:49  Forge  
  15  0:51  Probe (Chrono Boost)  
  16  1:01  Probe (Chrono Boost)  
  17  1:12  Probe (Chrono Boost)  
  18  1:24  Gateway  
  18  1:30  Nexus  
  18  1:35  Probe (Chrono Boost)  
  19  1:40  Assimilator  
  19  1:55  Pylon  
  19  2:04  Probe (Chrono Boost)  
  20  2:15  Probe (Chrono Boost)  
  21  2:18  Photon Cannon  
  21  2:28  Pylon  
  21  2:29  Photon Cannon  
  21  2:45  Cybernetics Core  
  21  2:50  Probe (Chrono Boost)  
  21  2:55  Zealot  
  23  3:04  Assimilator  
  23  3:09  Probe (Chrono Boost)  
  25  3:20  Probe (Chrono Boost)  
  25  3:21  Warp Gate  
  25  3:29  Robotics Facility  
  25  3:31  Pylon  
  16  4:13  Pylon  
  16  4:18  Pylon  
  16  4:22  Assimilator  
  16  4:29  Probe (Chrono Boost)  
  17  4:32  Immortal  
  17  4:38  Stalker  
  23  4:40  Probe (Chrono Boost)  
  24  4:54  Assimilator  
  24  4:56  Probe (Chrono Boost)  
  25  5:06  Probe (Chrono Boost)  
  26  5:17  Probe (Chrono Boost)  
  26  5:19  Probe (Chrono Boost)  
  28  5:27  Probe (Chrono Boost)  
  29  5:29  Probe (Chrono Boost)  
  26  5:38  Probe (Chrono Boost)  
  26  5:40  Probe (Chrono Boost)  
  28  5:48  Probe (Chrono Boost)  
  29  5:50  Probe (Chrono Boost)  
  30  5:59  Probe (Chrono Boost)  
  30  6:01  Probe (Chrono Boost)  
  32  6:09  Probe (Chrono Boost)  
  33  6:12  Probe (Chrono Boost)  
  34  6:20  Probe (Chrono Boost)  
  34  6:21  Robotics Bay  
  34  6:22  Probe (Chrono Boost)  
  36  6:26  Stalker  
  36  6:30  Probe (Chrono Boost)  
  39  6:41  Probe (Chrono Boost)  
  39  6:47  Nexus  
  40  6:51  Probe (Chrono Boost)  
  41  7:02  Probe (Chrono Boost)  
  41  7:03  Stalker  
  44  7:13  Probe (Chrono Boost)  
  45  7:33  Extended Thermal Lance  
  45  7:42  Stalker  
  47  7:48  Colossus  
  53  8:31  Nexus  
  53  8:35  Pylon  
  53  8:40  Assimilator  
  53  8:43  Stalker  
  53  8:45  Assimilator, Colossus  
  61  9:20  Stalker  
  63  9:31  Pylon  
  63  9:32  Pylon  
  63  9:33  Pylon  
  63  9:38  Colossus  
  60  10:37  Nexus  
  60  10:41  Observer  
Show
View Real Time Build Order
Export as new Build Order

Myran Protoss 

Build Orders:  

Get SALT Encoding   

  12  0:02  Probe (Chrono Boost)  
  13  0:16  Probe (Chrono Boost)  
  14  0:22  Pylon  
  14  0:33  Probe (Chrono Boost)  
  15  0:41  Forge  
  15  0:52  Pylon  
  15  1:11  Pylon  
  15  1:14  Probe (Chrono Boost)  
  16  1:20  Gateway  
  16  1:23  Pylon  
  16  1:25  Probe (Chrono Boost)  
  16  1:26  Assimilator  
  16  1:35  Probe (Chrono Boost)  
  17  1:40  Assimilator  
  17  1:46  Probe (Chrono Boost)  
  18  1:57  Probe (Chrono Boost)  
  19  2:06  Photon Cannon  
  19  2:07  Probe (Chrono Boost)  
  20  2:09  Cybernetics Core  
  20  2:18  Probe (Chrono Boost)  
  21  2:36  Zealot  
  21  2:37  Pylon  
  19  2:54  Warp Gate  
  19  3:34  Stargate  
  19  3:40  Probe (Chrono Boost)  
  20  3:41  Pylon  
  20  4:00  Probe (Chrono Boost)  
  21  4:11  Probe (Chrono Boost)  
  22  4:19  Void Ray  
  22  4:21  Probe (Chrono Boost)  
  27  4:51  Probe (Chrono Boost)  
  28  4:53  Nexus  
  28  5:09  Void Ray  
  32  5:33  Stargate  
  32  5:35  Probe (Chrono Boost)  
  33  5:46  Probe (Chrono Boost)  
  34  5:52  Void Ray  
  38  5:57  Probe (Chrono Boost)  
  38  5:59  Pylon  
  7  7:56  Nexus  
  7  8:27  Pylon  
Tags
 
Add a new tag
Caveats
  • Supply blocks, unpowered buildings, or Contaminate may cause inaccurate times.
  • Supply counts are checked every 10 seconds.